 Dungeon Crawl Stone Soup version 0.29.0-13-gc9e81de378 (webtiles) character file.

Game seed: 15922764287488877503

4 xian the Sneak (level 1, -7/18 HPs)
             Began as a Demigod Delver on Sept 8, 2022.
             Killed by divine providence
             ... invoked by an orc priest
              (12 damage)
             ... on level 4 of the Dungeon.
             The game lasted 00:00:48 (137 turns).

xian the Sneak (Demigod Delver)                      Turns: 137, Time: 00:00:49

Health: -7/18      AC:  3    Str: 13    XL:     1   Next: 40%
Magic:  0/3        EV: 11    Int: 12    God:
Gold:   13         SH:  0    Dex: 15    Spells: 0/0 levels left

rFire   . . .      SeeInvis .   a - +0 short sword
rCold   . . .      Faith    .   (no shield)
rNeg    . . .      Spirit   +   b - +0 leather armour
rPois   .          Reflect  .   (no helmet)
rElec   .          Harm     .   (no cloak)
rCorr   .          Rampage  .   (no gloves)
Will    .....                   (no boots)
Stlth   +++.......              j - amulet of guardian spirit
HPRegen 0.06/turn               (no ring)
MPRegen 0.08/turn               (no ring)

@: no status effects
A: high MP 1, forlorn, divine attributes
a: no special abilities


You were on level 4 of the Dungeon.
You visited 1 branch of the dungeon, and saw 2 of its levels.

You collected 13 gold pieces.

Inventory:

Hand Weapons
 a - a +0 short sword (weapon)
Armour
 b - a +0 leather armour (worn)
Jewellery
 j - an amulet of guardian spirit (around neck)
Wands
 g - a wand of digging (3)
Scrolls
 c - a scroll of fog
 e - a scroll of fear
 h - a scroll of amnesia {unknown}
 i - a scroll of identify {unknown}
Potions
 f - a potion of haste


   Skills:
 + Level 2.7 Fighting
 + Level 1.9 Short Blades
 + Level 1.7 Dodging
 + Level 4.6 Stealth


You couldn't memorise any spells.
You didn't know any spells.
Your spell library was empty.

Dungeon Overview and Level Annotations

Branches:
Dungeon (5/15)
 Temple: D:4-7


Innate Abilities, Weirdness & Mutations

You have an increased reservoir of magic. (+10% MP)
You shall have no god before yourself.
Your divine heritage dramatically boosts your attributes as you level up.


Message History

You kill the ball python!
You see here a ball python corpse.
You hit the ball python.
You kill the ball python!
The orc closely misses you.
You closely miss the orc. The orc hits you with a +0 trident.
You hit the orc.
The orc is heavily wounded.
The orc hits you with a +0 trident.
You closely miss the orc.
The orc is heavily wounded.
The orc hits you with a +0 trident.
You closely miss the orc.
The orc is heavily wounded.
The orc hits you with a +0 trident.
* * * LOW HITPOINT WARNING * * *
You hit the orc.
You kill the orc!
Things that are here:
a +0 trident; an orc corpse; a ball python corpse
As you read the scroll of magic mapping, it crumbles to dust.
You feel aware of your surroundings.
You sensed 1 shop/portal.
Unknown command.
You hear the slow rusting of a distant drain.
You now have 13 gold pieces (gained 4).
An orc priest comes into view.
It is wielding a +0 mace. 3 orcs come into view.
Found a scroll labelled LUGIFRIOTIO.
The orc shouts! x2
The orc hits you but does no damage.
You hit the orc.
The orc is moderately wounded.
The orc barely misses you.
The orc priest begins to cast a cantrip, but forgets the words!
The orc attacks as you move away! The orc hits you with a +0 war axe.
* * * LOW HITPOINT WARNING * * *
The orc priest calls down the wrath of Beogh upon you.
Beogh smites you!
Ouch! That really hurt!
You die...

***,,* #....#............
**,** #....#.###########
*,,* #....#.# **,* #....#.#
*,* #....#.# *,* #....#.#
*,* #...>..####
*,*#######.........########
*,,...o...@##.#.##.).......
*,,......oo##....##########
*,,........o..#......,,***
*,,........####.#####*,,,**
*,,?........,,..# ***,,,
*,,.........,,### **~,
*******######.###,* *~,
*,,,,,,,* #.* *,* *~,
*,,,,,,,* #.* *,* *~~


You could see an orc priest and 3 orcs.

Vanquished Creatures
  An orc (D:4)
  2 ball pythons (D:4)
3 creatures vanquished.

Notes
Turn   | Place    | Note
-------+----------+-------------------------------------------
     0 | D:5      | xian the Demigod Delver began the quest for the Orb.
     0 | D:5      | Reached XP level 1. HP: 18/18 MP: 3/3
     2 | D:5      | Noticed an ice beast
    62 | D:5      | Noticed a scorpion
   132 | D:4      | Noticed an orc priest
   137 | D:4      | Killed from afar by an orc priest

Illustrated notes

Levels and vault maps discovered:
D:4:      layout_basic, serial_glass, glass_columns_b, glass_columns_c,
          portal_sewer_entry_e, chequers_serial_rivers_micro_d,
          kennysheep_generic_room_8
D:5:      nicolae_cairo_tiling_large_dashed, layout_cave_pools,
          gammafunk_temple_overflow_elements, serial_shops, shop, uniq_pikel

Action                   || total
-------------------------++-------
Melee: Short sword       ||     9
  Use: Scroll            ||     1
Armor: Leather armour    ||     1
Dodge: Dodged            ||     6
